 Dungeon Sprint DCSS version 0.16-a0-3325-g64f94fb (webtiles) character file.

1985 BluebellGnoll the Bludgeoner (level 9, -1/101 HPs)
             Began as an Ogre Wanderer on Dec 27, 2014.
             Was an Elder of Okawaru.
             Slain by a boring beetle (29 damage)
             ... in the Dungeon (Sprint IX: "|||||||||||||||||||||||||||||").
             The game lasted 00:05:01 (825 turns).

BluebellGnoll the Bludgeoner (Ogre Wanderer)         Turns: 825, Time: 00:05:01

Health: -1/101     AC:  6    Str: 23    XL:     9   Next: 21%
Magic:  2/3        EV: 17    Int: 13    God:    Okawaru [****..]
Gold:   0          SH:  0    Dex: 12    Spells: 0 memorised, 8 levels left

rFire  . . .     SeeInvis .     r - +2 morningstar "Udopruem" {antimagic, Str+3}
rCold  . . .     Clarity  .     d - +0 robe
rNeg   . . .     SustAb   .     (shield restricted)
rPois  .         Gourm    .     (helmet restricted)
rElec  .         Spirit   .     a - +0 cloak
rCorr  .         Warding  .     (gloves unavailable)
rMut   .         NoTele   +     (boots unavailable)
MR     .....                    (no amulet)
Stlth  ++........               s - +3 ring of strength
                                l - +2 ring of protection

@: heroism, not resistant to hostile enchantments, unstealthy
A: unfitting armour, tough skin 1
a: Heroism, Renounce Religion


You were in the Dungeon.
You worshipped Okawaru.
Okawaru was greatly pleased with you.
You were not hungry.

You visited 1 branch

Inventory:

Hand weapons
 r - the +2 morningstar "Udopruem" (weapon) {antimagic, Str+3}
   (You found it in the Dungeon)

   It disrupts the flow of magical energy around spellcasters and certain
   magical creatures (including the wielder).
   It affects your strength (+3).
Missiles
 c - 4 tomahawks of dispersal (quivered)
Armour
 a - a +0 cloak (worn)
 d - a +0 robe (worn)
 k - a troll hide
Magical staves
 q - an uncursed staff of energy
Jewellery
 l - a +2 ring of protection (left hand)
 s - a +3 ring of strength (right hand)
Magical devices
 p - a wand of cold (1)
Scrolls
 j - 2 scrolls of blinking
 n - 4 scrolls of remove curse
 o - 2 scrolls of amnesia
 v - a scroll of identify
 w - a scroll of fog
 x - a scroll of recharging
 y - 2 scrolls of fear
Potions
 b - 7 potions of curing
 e - a potion of invisibility
 g - a potion of haste
 h - 4 potions of magic
 i - a potion of berserk rage
 m - 4 potions of heal wounds
 t - 2 potions of might
 u - a potion of agility
Comestibles
 f - 2 meat rations


   Skills:
 - Level 10.3(15.3) Fighting
 - Level 18.1(23.1) Maces & Flails
   Level 1.0(6.0) Polearms
 * Level 6.5(11.5) Throwing
 + Level 9.6(14.6) Dodging
   Level 1.7(6.7) Shields


You had 8 spell levels left.
You didn't know any spells.

Dungeon Overview and Level Annotations

Branches:
Dungeon (1/1)

Altars:
Cheibriados
Dithmenos
Elyvilon
Fedhas
Gozag
Kikubaaqudgha
Makhleb
Nemelex Xobeh
Okawaru
Qazlal
Ru
Sif Muna
Trog
Vehumet
Xom
Yredelemnul
Zin
The Shining One
Beogh
Jiyva
Lugonu


Innate Abilities, Weirdness & Mutations

You are too large for most types of armour.
You have tough skin (AC +1).


Message History

Okawaru accepts your kill. The boring beetle bites you.
* * * LOW HITPOINT WARNING * * *
You hit the boring beetle but do no damage.
You hit the boring beetle.
The boring beetle is lightly wounded.
You thump the boring beetle!
The boring beetle is moderately wounded.
The boring beetle barely misses you.
You sock the boring beetle!
The boring beetle is heavily wounded.
You sock the boring beetle!
The boring beetle is severely wounded.
The boring beetle closely misses you.
You hit the boring beetle.
The boring beetle is severely wounded.
You sock the boring beetle!
The boring beetle is almost dead.
The boring beetle bites you!!
You die...

▓▓▓▓▓▓▓▓▓▓▓▓▓▓▓▓▓▓▓▓▓▓▓▓▓▓▓▓▓▓▓▓▓
'_____________________'.....'....
▓▓▓▓▓▓▓▓▓▓▓▓▓▓▓▓▓▓▓▓▓▓▓▓▓▓▓▓▓▓▓▓▓
.................................
▓▓▓▓▓▓▓▓▓▓▓▓▓▓▓▓▓▓▓▓▓▓▓▓▓▓▓▓▓▓▓▓▓
+....†lB@†'......[......'
▓▓▓▓▓▓▓▓▓▓▓▓▓▓▓▓▓▓▓▓▓▓▓▓▓


You could see a boring beetle and an iguana.

Vanquished Creatures
  A hill giant (D)
  A spiny frog (D)
  A troll (D)
  A slime creature (D)
  A hippogriff (D)
  A soldier ant (D)
  3 porcupines (D)
  A black bear (D)
  A crocodile (D)
  An ice beast (D)
  A hound (D)
  A jelly (D)
  A worker ant (D)
  A river rat (D)
  A worm (D)
  An adder zombie (D)
  2 bats (D)
  A bat skeleton (D)
  A giant cockroach (D)
  3 goblins (D)
  A jackal (D)
  A quokka (D)
  A giant gecko skeleton (D)
  A rat (D)
29 creatures vanquished.

Notes
Turn   | Place    | Note
--------------------------------------------------------------
     0 | D        | BluebellGnoll, the Ogre Wanderer, began the quest for the Orb.
     0 | D        | BluebellGnoll set off with: a +2 spear, 2 potions of curing, a potion of lignification, a +0 robe, a potion of heal wounds, a meat ration, a potion of haste, 2 potions of magic, a potion of berserk rage, a scroll of blinking
     0 | D        | Reached XP level 1. HP: 27/27 MP: 1/1
    18 | D        | Reached XP level 2. HP: 33/35 MP: 2/2
    37 | D        | Noticed a hound
    77 | D        | Killed a hound
    77 | D        | Reached skill level 7 in Maces & Flails
    77 | D        | Reached XP level 3. HP: 15/42 MP: 3/3
    92 | D        | Found a glowing silver altar of Zin.
    92 | D        | Found a glowing golden altar of the Shining One.
    92 | D        | Found an ancient bone altar of Kikubaaqudgha.
    92 | D        | Found a basalt altar of Yredelemnul.
    92 | D        | Found a shimmering altar of Xom.
    92 | D        | Found a radiant altar of Vehumet.
    92 | D        | Found an iron altar of Okawaru.
    93 | D        | Found a burning altar of Makhleb.
    94 | D        | Found a deep blue altar of Sif Muna.
    95 | D        | Found a bloodstained altar of Trog.
    96 | D        | Found a sparkling altar of Nemelex Xobeh.
    97 | D        | Found a white marble altar of Elyvilon.
    98 | D        | Found a roughly hewn altar of Beogh.
    99 | D        | Found a viscous altar of Jiyva.
   100 | D        | Found a corrupted altar of Lugonu.
   101 | D        | Became a worshipper of Warmaster Okawaru
   102 | D        | Found a blossoming altar of Fedhas.
   103 | D        | Found a snail-covered altar of Cheibriados.
   104 | D        | Found a shadowy altar of Dithmenos.
   105 | D        | Found a stormy altar of Qazlal.
   106 | D        | Found an opulent altar of Gozag.
   107 | D        | Found a sacrificial altar of Ru.
   126 | D        | Got the +2 morningstar "Udopruem" {antimagic, Str+3}
   268 | D        | Noticed a hill giant
   268 | D        | Noticed a jelly
   268 | D        | Noticed a hippogriff
   270 | D        | Killed a jelly
   270 | D        | Reached skill level 9 in Maces & Flails
   270 | D        | Reached XP level 4. HP: 35/50 MP: 1/4
   271 | D        | Killed a hippogriff
   271 | D        | Reached skill level 13 in Maces & Flails
   271 | D        | Reached XP level 5. HP: 26/57 MP: 1/5
   277 | D        | Killed a hill giant
   277 | D        | Acquired Okawaru's first power
   277 | D        | Reached skill level 18 in Maces & Flails
   277 | D        | Reached XP level 6. HP: 23/66 MP: 2/6
   277 | D        | Reached XP level 7. HP: 25/72 MP: 2/7
   534 | D        | Noticed a worker ant
   534 | D        | Noticed a troll
   534 | D        | Noticed a slime creature
   534 | D        | Noticed an ice beast
   534 | D        | Noticed a soldier ant
   537 | D        | Killed a soldier ant
   537 | D        | Reached skill level 5 in Dodging
   542 | D        | Killed an ice beast
   544 | D        | Killed a worker ant
   544 | D        | Reached XP level 8. HP: 47/88 MP: 0/8
   546 | D        | Killed a slime creature
   547 | D        | Killed a troll
   547 | D        | Reached skill level 10 in Fighting
   790 | D        | Noticed a porcupine
   790 | D        | Noticed a porcupine
   790 | D        | Noticed a black bear
   790 | D        | Noticed a spiny frog
   790 | D        | Noticed a porcupine
   790 | D        | Noticed a crocodile
   791 | D        | Noticed a boring beetle
   799 | D        | Killed a crocodile
   803 | D        | Killed a porcupine
   803 | D        | Killed a porcupine
   808 | D        | Killed a spiny frog
   808 | D        | Received a gift from Okawaru
   808 | D        | Reached skill level 5 in Throwing
   808 | D        | Reached XP level 9. HP: 35/101 MP: 1/9
   813 | D        | Killed a black bear
   814 | D        | Killed a porcupine
   815 | D        | Noticed an iguana
   825 | D        | Slain by a boring beetle

Action                   |  1- 3 |  4- 6 |  7- 9 || total
-------------------------+-------+-------+-------++-------
Melee: Spear             |    45 |       |       ||    45
       Morningstar       |     1 |     3 |    41 ||    45
Invok: Heroism           |       |       |     2 ||     2
Evoke: Wand              |       |     3 |     3 ||     6
  Use: Potion            |     1 |     1 |       ||     2
 Stab: Sleeping          |       |       |     1 ||     1
